 Dungeon Crawl Stone Soup version 0.28-a0-983-g1de4e0787c (webtiles) character file.

Game seed: 9617842622300885862

113 Decritt the Skirmisher (level 4, -1/41 HPs)
             Began as a Hill Orc Fighter on Dec 3, 2021.
             Was an Initiate of Beogh.
             Succumbed to an adder's poison
             ... on level 3 of the Dungeon.
             The game lasted 00:03:58 (2067 turns).

Decritt the Skirmisher (Hill Orc Fighter)           Turns: 2067, Time: 00:03:59

Health: -1/41      AC:  4    Str: 20    XL:     4   Next: 96%
Magic:  4/4        EV:  9    Int:  8    God:    Beogh [......]
Gold:   45         SH:  4    Dex: 10    Spells: 3/3 levels left

rFire   . . .      SeeInvis .   a - +0 war axe
rCold   . . .      Faith    .   c - +0 buckler
rNeg    . . .      Spirit   .   b - +0 scale mail
rPois   .          Reflect  .   (no helmet)
rElec   .          Harm     .   (no cloak)
rCorr   .          Rampage  .   (no gloves)
Will    .....                   (no boots)
Stlth   ..........              (no amulet)
HPRegen 0.13/turn               (no ring)
MPRegen 0.09/turn               (no ring)

@: mighty, lethally poisoned (-1 -> -7)
A: deformed body
a: Renounce Religion


You were on level 3 of the Dungeon.
You worshipped Beogh.
Beogh was noncommittal.
You visited 1 branch of the dungeon, and saw 3 of its levels.

You collected 45 gold pieces.

Inventory:

Hand Weapons
 a - a +0 war axe (weapon)
Armour
 b - a +0 scale mail (worn)
 c - a +0 buckler (worn)
Wands
 g - a wand of polymorph (7)
Scrolls
 e - a scroll of fear {unknown}
 f - a scroll of identify {unknown}


   Skills:
 + Level 4.5 Fighting
 + Level 4.0 Axes
 + Level 4.1 Armour
 + Level 4.1 Shields


You had 3 spell levels left.
You didn't know any spells.
Your spell library contained the following spells:

 Spells                   Type           Power      Damage    Failure   Level
 Slow                     Hex            0%         N/A       77%         1
 Confusing Touch          Hex            0%         N/A       98%         3
 Vampiric Draining        Necr           0%         2d6       98%         3


Dungeon Overview and Level Annotations

Branches:
Dungeon (3/15)

Altars:
Elyvilon

Shops:
D:1 *   D:2 ?(


Innate Abilities, Weirdness & Mutations

Armour fits poorly on your strangely shaped body.


Message History

You barely miss the adder.
The adder is almost dead.
You miss something. Something hits you but does no damage.
You block the adder's attack.
You barely miss the adder.
The adder is almost dead.
You miss something. The adder closely misses you.
Something hits you but does no damage. The adder bites you.
* * * LOW HITPOINT WARNING * * *
You are poisoned.
The adder poisons you! Something hits you.
* * * LOW HITPOINT WARNING * * *
You feel very mighty all of a sudden.
You feel sick. The adder barely misses you.
Something hits you but does no damage.
You miss the adder.
The adder is almost dead.
You completely miss something.
You feel sick. The adder bites you but does no damage. Something hits you.
* * * LOW HITPOINT WARNING * * *
The adder bites you but does no damage.
You barely miss the adder.
The adder is almost dead.
You slash something! Beogh accepts your kill.
Reactivating autopickup.
You feel a bit more experienced.
You feel sick. The adder bites you but does no damage. The adder bites you.
* * * LOW HITPOINT WARNING * * *
You are lethally poisoned!
The adder poisons you!
Your Axes skill increases to level 4!
You slash the adder!
You kill the adder!
Beogh accepts your kill.
* * * LOW HITPOINT WARNING * * *
You feel sick.
It was a potion of mutation.
You feel extremely strange.
Your body twists and deforms.
You die...

..... #.... #....
....## ### .... <...
###+#.######..#.. ..
#...#.[..........
....###.#.#....@[)..#
#.........#.######.##
########.#.#.######.
#...................
###.###....#.#####..
#.# #..###.# #.#....#
#.# #.#.#... ...
###.#.######..


There were no monsters in sight!

Vanquished Creatures
  Natasha (twice) (D:2)
  An orc wizard (D:3)
  An adder (D:3)
  2 dart slugs
  An orc (D:2)
  3 endoplasms
  A giant cockroach (D:3)
  7 goblins
  5 hobgoblins
  A kobold (D:1)
  6 ball pythons
  3 bats
  3 frilled lizards
  5 rats
41 creatures vanquished.

Vanquished Creatures (others)
  An orc (D:3)
  A rat (D:3)
2 creatures vanquished.

Grand Total: 43 creatures vanquished

Notes
Turn   | Place    | Note
-------+----------+-------------------------------------------
     0 | D:1      | Decritt the Hill Orc Fighter began the quest for the Orb.
     0 | D:1      | Reached XP level 1. HP: 19/19 MP: 1/1
   375 | D:1      | Reached XP level 2. HP: 27/27 MP: 2/2
   406 | D:1      | Found Uguy's General Store.
  1001 | D:2      | Reached XP level 3. HP: 33/33 MP: 3/3
  1055 | D:2      | Found a white marble altar of Elyvilon.
  1114 | D:2      | Found Ysizxaf's Weapon Shoppe.
  1326 | D:2      | Noticed Natasha
  1333 | D:2      | Killed Natasha
  1334 | D:2      | Reached XP level 4. HP: 37/40 MP: 4/4
  1442 | D:2      | Found Tuoqafud's Magic Scroll Boutique.
  1742 | D:2      | Noticed Natasha
  1755 | D:2      | Killed Natasha
  2043 | D:3      | Became a worshipper of Beogh the Brigand
  2066 | D:3      | HP: 1/41 [poisoned by an adder]
  2067 | D:3      | Gained mutation: Armour fits poorly on your strangely
                  | shaped body. [potion of mutation]
  2067 | D:3      | Succumbed to an adder's poison

Illustrated notes

Levels and vault maps discovered:
D:1:      dpeg_arrival_arbitrary_c, layout_loops_ring, serial_shops,
          nicolae_shop_temple_entry_statues_fountains,
          chequers_serial_rivers_micro_c
D:2:      layout_loops_ring, serial_shops, nicolae_shop_hallway_stairs,
          nicolae_shop_advertising_works [nicolae_subvault_shop_adworks],
          basic_altar, minivault_25, uniq_natasha
D:3:      layout_basic, shapermc_ecumenical_altar_totnotflames, serial_shops,
          nicolae_lakefront_shop, uniq_jessica

Skill      XL: |  1  2  3  4 |
---------------+-------------+-----
Axes           | 3 4 |  4.0
Fighting       | 4 |  4.5
Armour         | 4 |  4.1
Shields        | 4 |  4.1

Action                   |  1- 3 |  4- 6 || total
-------------------------+-------+-------++-------
Melee: War axe           |    92 |    45 ||   137
Invok: Convert to Beogh  |       |     1 ||     1
  Use: Potion            |       |     2 ||     2
Armor: Scale mail        |    42 |    37 ||    79
Dodge: Dodged            |    40 |    29 ||    69
Block: Buckler           |    30 |    11 ||    41

Table legend: (Time is in decaauts)
 A = Elapsed time spent in this place.
 B = Non-inter-level travel time spent in this place.
 C = Inter-level travel time spent in this place.
 D = Time resting spent in this place.
 E = Time spent auto-exploring this place.
 F = Levels seen in this place.
 G = Mean time per level.
                   A        B        C        D        E       F      G
               +--------+--------+--------+--------+--------+-----+--------+
         Total |   2113 |   2052 |     61 |      0 |   1730 |   3 |  704.3 |
       Dungeon |   2113 |   2052 |     61 |      0 |   1730 |   3 |  704.3 |
               +--------+--------+--------+--------+--------+-----+--------+

Top non-repeatable levels by time:
     D:2: 1052 daAuts
     D:1: 982 daAuts
     D:3: 78 daAuts
